 Dungeon Crawl Stone Soup version 0.26-a0-58-g79b31b8662 (webtiles) character file.

Game seed: 2541105037881097255

192 Ozzies the Skirmisher (level 5, -1/37 HPs)
             Began as a Gargoyle Fighter on June 8, 2020.
             Slain by an adder (2 damage)
             ... on level 4 of the Dungeon.
             The game lasted 00:04:53 (1444 turns).

Ozzies the Skirmisher (Gargoyle Fighter)            Turns: 1444, Time: 00:04:54

Health: -1/37      AC: 10    Str: 21    XL:     5   Next: 71%
Magic:  5/5        EV:  7    Int:  8    God:
Gold:   63         SH:  9    Dex:  9    Spells: 4/4 levels left

rFire    . . .     SeeInvis .   a - +0 flail
rCold    . . .     Gourm    .   c - +0 kite shield
rNeg     + . .     Faith    .   b - +0 scale mail
rPois    ∞         Spirit   .   (no helmet)
rElec    +         Reflect  .   (no cloak)
rCorr    .         Harm     .   (no gloves)
MR       .....                  (no boots)
Stlth    ..........             (no amulet)
HPRegen  0.12/turn              (no ring)
MPRegen  0.09/turn              (no ring)

@: mighty, berserk cooldown, slowed, very slow
A: negative energy resistance 1, electricity resistance, unbreathing,
petrification resistance, rot immunity, AC +4
a: no special abilities


You were on level 4 of the Dungeon.
You were very hungry.

You visited 1 branch of the dungeon, and saw 3 of its levels.

You collected 63 gold pieces.

Inventory:

Hand Weapons
 a - a +0 flail (weapon)
Armour
 b - a +0 scale mail (worn)
 c - a +0 kite shield (worn)
Potions
 e - a potion of mutation {unknown}
 i - a potion of heal wounds {unknown}
 j - a potion of flight {unknown}
 l - a potion of stabbing {unknown}
Comestibles
 f - 3 rations


   Skills:
 + Level 6.8 Fighting
 - Level 2.0 Maces & Flails
 - Level 3.2 Armour
 - Level 3.2 Shields


You had 4 spell levels left.
You didn't know any spells.
Your spell library was empty.

Dungeon Overview and Level Annotations

Branches:
Dungeon (2/15)

Altars:
Nemelex Xobeh

Shops:
D:4 (


Innate Abilities, Weirdness & Mutations

You are resistant to torment.
Your stone body is resilient. (AC +4)
You are immune to poison.
You resist negative energy. (rN+)
You are resistant to electric shocks. (rElec)
You can survive without breathing.
You are immune to petrification.
You are immune to rotting.


Message History

An orc comes into view. It is wielding a +0 dagger.
The adder barely misses you.
An orc comes into view. It is wielding a -3 falchion.
The adder bites you but does no damage.
You closely miss the adder. You block the adder's attack.
The adder bites you but does no damage. The adder bites you.
* * * LOW HITPOINT WARNING * * *
You block the adder's attack. x2
You see here a jackal corpse.
The adder bites you.
* * * LOW HITPOINT WARNING * * *
You block the adder's attack. You block the adder's attack.
A quokka skeleton comes into view.
You block the adder's attack. The adder bites you.
* * * LOW HITPOINT WARNING * * *
An orc wizard comes into view. It is wielding a +0 dagger.
The adder bites you.
You die...

...#..........###.
#.#.#.#..........
.######................
..........#............ ..
.........o..oZ........#
#.. ##.......###o.........
#..##..#...###.Z.######..#
#........ol.#l#####......
#.......@##.o....∩.......
#.......S##..######......
#...[...r...## #......
#.........### #......
#.........# #......
..........## #.>....
.#.#####.## #...... .. ...
####### . .....


You could see an orc wizard (wandering), an adder, an orc, a leopard gecko and a
quokka.

Vanquished Creatures
  2 howler monkeys (D:4)
  A bullfrog skeleton (D:4)
  A worker ant (D:4)
  2 adders
  An adder skeleton (D:4)
  A dart slug (D:1)
  2 leopard geckos (D:4)
  2 orcs (D:4)
  A giant cockroach (D:1)
  3 goblins (D:1)
  2 hobgoblins (D:1)
  10 jackals
  3 bats (D:1)
  A frilled lizard (D:2)
  2 kobolds
  A leopard gecko skeleton (D:4)
  4 rats
39 creatures vanquished.

Notes
Turn   | Place    | Note
-------+----------+-------------------------------------------
     0 | D:1      | Ozzies the Gargoyle Fighter began the quest for the Orb.
     0 | D:1      | Reached XP level 1. HP: 14/14 MP: 1/1
   278 | D:1      | Reached XP level 2. HP: 20/20 MP: 2/2
   324 | D:1      | Reached skill level 4 in Fighting
   860 | D:2      | Found a sparkling altar of Nemelex Xobeh.
   918 | D:2      | Reached XP level 3. HP: 11/24 MP: 3/3
  1115 | D:2      | You fall into a shaft and drop 2 floors!
  1141 | D:4      | Reached skill level 5 in Fighting
  1237 | D:4      | Reached XP level 4. HP: 26/31 MP: 4/4
  1288 | D:4      | Found Tebrupsa's Antique Weapon Emporium.
  1407 | D:4      | Reached skill level 6 in Fighting
  1407 | D:4      | Reached XP level 5. HP: 27/37 MP: 5/5
  1439 | D:4      | HP: 1/37 [adder (3)]
  1444 | D:4      | Slain by an adder

Illustrated notes

Levels and vault maps discovered:
D:1:      ebering_hopf_link, layout_loops_corners
D:2:      layout_loops_cross, lemuel_doored_altar, lemuel_round_altar,
          nicolae_overflow_hidden_temple, hangedman_abyss_or_decor_lesser_grid,
          item_on_display_a
D:4:      layout_rooms, first_ration, serial_shops, shop,
          hangedman_decor_diamond_cutter

Skill      XL: |  1  2  3  4 |
---------------+-------------+-----
Fighting       | 4 5 6 |  6.8
Maces & Flails | |  2.0
Armour         | |  3.2
Shields        | |  3.2

Action                   |  1- 3 |  4- 6 || total
-------------------------+-------+-------++-------
Melee: Flail             |   109 |    70 ||   179
  Use: Scroll            |       |     2 ||     2
       Potion            |       |     2 ||     2
  Eat: Chunk             |     1 |       ||     1
Armor: Scale mail        |    86 |    43 ||   129
Dodge: Dodged            |    60 |    21 ||    81
Block: Kite shield       |    86 |    53 ||   139

Table legend:
 A = Non-vault XP
 B = Vault XP
 C = Vault XP percentage of total XP
 D = Non-vault monster count
 E = Vault monster count
 F = Vault count percentage of total count
                 A         B        C        D         E       F
            +---------+---------+-------+---------+---------+-------
      Total |     275 |       0 |   0.0 |      39 |       0 |   0.0
            +---------+---------+-------+---------+---------+-------
        D:1 |      30 |       0 |   0.0 |      18 |       0 |   0.0
        D:2 |      17 |       0 |   0.0 |       4 |       0 |   0.0
        D:4 |     228 |       0 |   0.0 |      17 |       0 |   0.0
            +---------+---------+-------+---------+---------+-------
